 Dungeon Crawl Stone Soup version 0.21.1-1-g345015f (webtiles) character file.

1724 empire the Carver (level 8, -1/67 HPs)
             Began as a Minotaur Fighter on June 1, 2018.
             Was a Follower of Cheibriados.
             Slain by a wight
             ... wielding a +0 trident
              (2 damage)
             ... on level 6 of the Dungeon.
             The game lasted 00:09:29 (4290 turns).

empire the Carver (Minotaur Fighter)                Turns: 4290, Time: 00:09:30

Health: -1/67      AC: 10    Str: 32    XL:     8   Next: 75%
Magic:  10/10      EV:  8    Int:  8    God:    Cheibriados [*.....]
Gold:   323        SH: 10    Dex: 12    Spells: 7/7 levels left

rFire    . . .     SeeInvis .   a - +0 long sword
rCold    . . .     Gourm    .   c - +0 shield
rNeg     . . .     Faith    .   w - +0 chain mail
rPois    .         Spirit   .   (helmet restricted)
rElec    .         Reflect  .   (no cloak)
rCorr    +         Harm     .   (no gloves)
MR       .....                  j - +0 pair of boots
Stlth    ..........             (no amulet)
HPRegen  0.21/turn              D - ring of resist corrosion
MPRegen  0.12/turn              (no ring)

@: mighty, very slightly contaminated, drained, very slow
A: retaliatory headbutt, horns 2
a: Bend Time, Renounce Religion


You were on level 6 of the Dungeon.
You worshipped Cheibriados.
Cheibriados was aware of your devotion.
You were not hungry.

You visited 2 branches of the dungeon, and saw 7 of its levels.

You collected 323 gold pieces.

Inventory:

Hand Weapons
 a - a +0 long sword (weapon)
 o - a +0 flail of protection
 p - a +2 scythe of venom
 v - a +1 dagger of speed
 y - a +0 falchion of holy wrath
 C - a +7 flail of draining
 K - a +1 shortbow of freezing
Armour
 c - a +0 shield (worn)
 j - a +0 pair of boots (worn)
 u - a +3 leather armour of cold resistance
 w - a +0 chain mail (worn)
 I - a scarf of spirit shield
Jewellery
 D - a ring of resist corrosion (left hand)
Wands
 h - a wand of random effects (20)
 s - a wand of polymorph (2)
 E - a wand of digging (9)
Scrolls
 e - a scroll of random uselessness {unknown}
 g - 2 scrolls of immolation {unknown}
 i - a scroll of identify
 k - a scroll of fog {unknown}
 l - a scroll of teleportation {unknown}
 m - a scroll of blinking {unknown}
 n - 2 scrolls of amnesia {unknown}
 q - a scroll of magic mapping {unknown}
 r - a scroll of enchant armour {unknown}
 F - 2 scrolls of remove curse {unknown}
Potions
 b - a potion of cancellation
 d - a potion of might
 t - a potion of flight
 x - a potion of curing
 B - 3 potions of brilliance
 G - a potion of lignification {unknown}
 J - a potion of agility {unknown}
Comestibles
 f - 11 rations
 H - 7 chunks of flesh


   Skills:
 + Level 4.5(3.7) Fighting
 - Level 10.0(9.1) Long Blades
 + Level 4.4(3.7) Armour
 + Level 4.4(3.6) Dodging
 - Level 4.0(3.2) Shields
 + Level 1.2(0.5) Invocations
 + Level 4.5(3.8) Evocations


You had 7 spell levels left.
You didn't know any spells.

Dungeon Overview and Level Annotations

Branches:
Dungeon (6/15)             Temple (1/1) D:5

Altars:
Ashenzari
Cheibriados
Dithmenos
Fedhas
Gozag
Hepliaklqana
Kikubaaqudgha
Makhleb
Nemelex Xobeh
Okawaru
Qazlal
Ru
Sif Muna
Trog
Uskayaw
Vehumet
Wu Jian
Xom
Yredelemnul
Zin
The Shining One


Innate Abilities, Weirdness & Mutations

You reflexively headbutt those who attack you in melee.
You have a pair of horns on your head.


Message History

You block the wight's attack.
You feel better. The wight hits you but does no damage.
You feel very mighty all of a sudden. The wight hits you but does no damage.
You block the wight's attack.
You hit the wight.
You destroy the wight!
Cheibriados appreciates the change of pace.
The wight hits you from afar with a trident.
* * * LOW HITPOINT WARNING * * *
You block the orc's attack.
You hit the orc.
The orc is almost dead.
The wight hits you but does no damage.
You closely miss the orc.
The orc is almost dead.
You block the orc's attack.
The wight hits you from afar with a trident!
* * * LOW HITPOINT WARNING * * *
You feel drained.
You die...

#.######.##...
#........##>.# #
#######..##..#
_.#
#..##).##...#
#...))......#
##.)#).###...
##..#..#
#.#######.#....#
.......@oz.....#
.#########..####
#..# #..# #..#
#..# .... ....


You could see a wight and an orc.

Vanquished Creatures
  Sigmund (D:3)
  Menkaure (D:4)
  Edmund (D:5)
  An ice beast (D:5)
  A sky beast (D:5)
  A centaur (D:5)
  A bullfrog (D:6)
  A water moccasin skeleton (D:5)
  3 wights (D:6)
  A bullfrog zombie (D:5)
  A crimson imp (D:5)
  A gnoll shaman (D:4)
  A hound (D:4)
  3 orc priests
  2 iguanas (D:4)
  Ijyb (D:3)
  Terence (D:3)
  Natasha (twice) (D:3)
  3 orc wizards
  5 worker ants
  A howler monkey skeleton (D:3)
  3 gnolls (D:4)
  5 adders
  2 shadow imps (D:5)
  2 adder skeletons
  An adder zombie (D:6)
  4 dart slugs
  4 leopard geckos
  12 orcs
  4 giant cockroaches
  7 goblins
  6 hobgoblins
  9 jackals
  5 quokkas
  6 bats
  6 frilled lizards
  5 kobolds
  A leopard gecko skeleton (D:5)
  8 rats
123 creatures vanquished.

Vanquished Creatures (others)
  Natasha (D:3)
  An orc wizard (D:5)
2 creatures vanquished.

Grand Total: 125 creatures vanquished

Notes
Turn   | Place    | Note
-------+----------+-------------------------------------------
     0 | D:1      | empire the Minotaur Fighter began the quest for the Orb.
     0 | D:1      | Reached XP level 1. HP: 19/19 MP: 0/0
   417 | D:1      | Reached XP level 2. HP: 27/27 MP: 1/1
   775 | D:2      | Reached skill level 1 in Dodging
   878 | D:2      | Reached XP level 3. HP: 20/33 MP: 2/2
   963 | D:2      | Reached skill level 3 in Long Blades
  1293 | D:3      | Found an ornate altar of the Wu Jian Council.
  1307 | D:3      | Noticed Terence
  1317 | D:3      | Killed Terence
  1317 | D:3      | Reached XP level 4. HP: 30/40 MP: 3/3
  1491 | D:3      | Found a basalt altar of Yredelemnul.
  1491 | D:3      | Found a sparkling altar of Nemelex Xobeh.
  1491 | D:3      | Found a sacrificial altar of Ru.
  1492 | D:3      | Found an iron altar of Okawaru.
  1505 | D:3      | Reached skill level 4 in Long Blades
  1517 | D:3      | Noticed Ijyb
  1559 | D:3      | Killed Ijyb
  1681 | D:3      | Noticed Natasha
  1692 | D:3      | Killed Natasha
  1692 | D:3      | Reached XP level 5. HP: 37/46 MP: 4/4
  1715 | D:3      | Noticed Sigmund
  1734 | D:3      | Killed Sigmund
  1734 | D:3      | Reached skill level 5 in Long Blades
  1734 | D:3      | Reached skill level 1 in Evocations
  1734 | D:3      | Reached XP level 6. HP: 27/52 MP: 4/6
  1921 | D:3      | Noticed Natasha
  1923 | D:3      | Killed Natasha
  2058 | D:3      | Noticed Natasha
  2066 | D:3      | Killed Natasha
  2583 | D:4      | Reached skill level 6 in Long Blades
  2629 | D:4      | Reached XP level 7. HP: 45/59 MP: 8/8
  2693 | D:4      | Found a hazy altar of Hepliaklqana.
  3044 | D:4      | Noticed Menkaure
  3050 | D:4      | Killed Menkaure
  3123 | D:4      | Reached skill level 7 in Long Blades
  3188 | D:5      | Entered Level 5 of the Dungeon
  3208 | D:5      | Noticed Edmund
  3223 | D:5      | Killed Edmund
  3460 | D:5      | Found a staircase to the Ecumenical Temple.
  3474 | Temple   | Entered the Ecumenical Temple
  3481 | Temple   | Became a worshipper of Cheibriados the Contemplative
  3757 | D:5      | Reached skill level 8 in Long Blades
  3757 | D:5      | Reached XP level 8. HP: 66/66 MP: 10/10
  3818 | D:5      | Reached skill level 9 in Long Blades
  4115 | D:5      | Reached * piety under Cheibriados
  4128 | D:5      | Reached skill level 10 in Long Blades
  4253 | D:6      | Found a hide-covered altar of Uskayaw.
  4272 | D:6      | HP: 2/66 [wight/enchanted flail (7)]
  4280 | D:6      | Reached skill level 1 in Invocations
  4290 | D:6      | HP: 1/67 [wight/trident (7)]
  4290 | D:6      | Slain by a wight

Skill      XL: |  1  2  3  4  5  6  7  8 |
---------------+-------------------------+-----
Dodging        | 1 2 3 4 |  4.4
Armour         | 4 |  4.4
Shields        | 4 |  4.0
Fighting       | 4 |  4.5
Long Blades    | 3 4 5 6 8 10 | 10.0
Evocations     | 1 2 4 |  4.5
Invocations    | 1 |  1.2

Action                   |  1- 3 |  4- 6 |  7- 9 || total
-------------------------+-------+-------+-------++-------
Melee: Long sword        |    78 |   112 |   172 ||   362
       Headbutt          |    14 |    16 |    39 ||    69
       Unarmed           |       |    31 |       ||    31
  Use: Potion            |       |     5 |     5 ||    10
       Scroll            |       |       |     4 ||     4
 Stab: Invisible         |       |       |     1 ||     1
  Eat: Chunk             |     1 |     5 |     5 ||    11
Armor: Scale mail        |    29 |    32 |       ||    61
       Chain mail        |       |       |    62 ||    62
Dodge: Dodged            |    21 |    47 |    51 ||   119
Block: Shield            |    34 |    48 |    74 ||   156
       Rpst.: Long sword |     5 |    12 |     8 ||    25
